 Dungeon Crawl Stone Soup version 0.31-a0-700-gf13585253f (webtiles) character file.

Game seed: 6948354802274698385

462428 Midn8 the Impaler (level 24, -20/191 (195) HPs)
             Began as a Gnoll Gladiator on Sept 7, 2023.
             Was an Initiate of Gozag.
             Killed from afar by an ancient lich (82 damage)
             ... with a crystal spear
             ... on level 5 of the Vaults.
             The game lasted 04:30:12 (60393 turns).

Midn8 the Impaler (Gnoll Gladiator)                Turns: 60393, Time: 04:30:12

HP:   -20/191 (195) AC: 38    Str: 23    XL:     24   Next: 19%
MP:   43/43         EV: 15    Int: 25    God:    Gozag
Gold: 14180         SH:  0    Dex: 11    Spells: 7/55 levels left

rFire   . . .        b - +5 glaive of the Guard {elec, spectral, AC+5}
rCold   + . .        (shield currently unavailable)
rNeg    + . .        L - +5 chain mail {Will+}
rPois   +            c - +2 helmet
rElec   +            O - +2 cloak {Will+}
rCorr   .            x - +1 pair of gloves of Peek-a-Boo {rElec rPois Regen+}
SInv    +            v - +3 pair of mountain boots {steadfast, rC+}
Will    ++++.        M - amulet of regeneration
Stlth   +++          B - ring "Circho" {rElec rN+ Will+ Str+6 Dex-3}
HPRegen 2.11/turn    A - ring "Nacick" {Str+3 Int+6}
MPRegen 0.28/turn

%: no passive effects
@: mighty, brilliant, studying Polearms, lightly drained
A: fangs 1, strong nose, distributed training, see invisible, clever 1,
deterioration 1, weak 1
}: 3/15 runes: decaying, serpentine, silver
a: Renounce Religion, Potion Petition, Call Merchant, Bribe Branch


You were on level 5 of the Vaults.
You worshipped Gozag.
Gozag was extremely pleased with you.
You visited 8 branches of the dungeon, and saw 42 of its levels.
You also visited: Ossuary, Bailey, Gauntlet and Ice Cave.

You collected 25171 gold pieces.
You spent 6786 gold pieces at shops.
You paid 4205 gold pieces to Gozag.

Inventory:

Hand Weapons
 a - a +9 quick blade of venom
 b - the +5 glaive of the Guard (weapon) {elec, spectral, AC+5}
   (You bought it in a shop on level 4 of the Vaults)

   AC+5:      It affects your AC (+5).
Missiles
 d - 3 throwing nets
 e - 16 javelins
 j - 8 datura-tipped darts
 D - 14 atropa-tipped darts
 G - 21 boomerangs (quivered)
 X - 3 curare-tipped darts
 Y - 5 silver javelins
Armour
 c - a +2 helmet (worn)
 v - the +3 pair of mountain boots (worn) {steadfast, rC+}
   (You bought it in a shop on level 2 of the Orcish Mines)

   Steadfast: It prevents involuntary movement, except for blinking,
   teleportation, or banishment.
   rC+:       It protects you from cold.
 x - the +1 pair of gloves of Peek-a-Boo (worn) {rElec rPois Regen+}
   (You found it on level 2 of the Snake Pit)

   rElec:     It insulates you from electricity.
   rPois:     It protects you from poison Regen+: It increases your rate of
   health regeneration.
 L - a +5 chain mail of willpower (worn)
 O - a +2 cloak of willpower (worn)
 Q - an orb of guile
Jewellery
 A - the ring "Nacick" (right hand) {Str+3 Int+6}
   (You bought it in a shop on level 5 of the Dungeon)

   [ring of intelligence]

   Str+3:     It affects your strength (+3).
   Int+6:     It affects your intelligence (+6).
 B - the ring "Circho" (left hand) {rElec rN+ Will+ Str+6 Dex-3}
   (You found it on level 13 of the Dungeon)

   [ring of strength]

   Str+6:     It affects your strength (+6).
   Dex-3:     It affects your dexterity (-3).
   rElec:     It insulates you from electricity.
   rN+:       It protects you from negative energy.
   Will+:     It increases your willpower.
 M - an amulet of regeneration (around neck)
Wands
 t - a wand of mindburst (6)
 u - a wand of charming (48)
 F - a wand of iceblast (48)
 H - a wand of polymorph (24)
 N - a wand of quicksilver (19)
 S - a wand of digging (9)
Scrolls
 i - 6 scrolls of poison
 m - 6 scrolls of blinking
 n - a scroll of fear
 q - 2 scrolls of silence
 s - 6 scrolls of immolation
 y - 6 scrolls of vulnerability
 P - 2 scrolls of summoning
 R - 15 scrolls of teleportation
 T - 4 scrolls of revelation
 V - 6 scrolls of fog
Potions
 g - 12 potions of heal wounds
 h - 6 potions of magic
 k - 3 potions of invisibility
 l - 3 potions of cancellation
 o - 12 potions of resistance
 p - 10 potions of attraction
 r - 20 potions of curing
 w - 6 potions of mutation
 z - 3 potions of ambrosia
 C - 9 potions of haste
 E - 9 potions of brilliance
 I - 14 potions of enlightenment
 K - 3 potions of might
Miscellaneous
 f - a box of beasts
 J - a phial of floods
 U - a condenser vane
 W - a phantom mirror (inert)
 Z - a lightning rod (4/4)


   Skills:
 + Level 17.0 Fighting
 + Level 16.4 Short Blades
 + Level 16.4 Long Blades
 + Level 16.4 Axes
 + Level 16.4 Maces & Flails
 + Level 18.4 Polearms
 + Level 17.5 Staves
 + Level 16.4 Ranged Weapons
 + Level 17.0 Throwing
 + Level 16.4 Armour
 + Level 17.5 Dodging
 + Level 16.4 Stealth
 + Level 16.4 Shields
 + Level 16.4 Unarmed Combat
 + Level 16.4 Spellcasting
 + Level 14.0 Conjurations
 + Level 14.0 Hexes
 + Level 14.0 Summonings
 + Level 14.0 Necromancy
 + Level 14.0 Translocations
 + Level 14.0 Transmutations
 + Level 14.0 Fire Magic
 + Level 14.0 Ice Magic
 + Level 14.0 Air Magic
 + Level 14.0 Earth Magic
 + Level 14.0 Poison Magic
 + Level 17.8 Invocations
 + Level 16.4 Evocations
 + Level 15.1 Shapeshifting


You had 7 spell levels left.
You knew the following spells:

 Your Spells              Type           Power      Damage    Failure   Level
a - Dispel Undead         Necr           94%        3d30      1%          4
b - Conjure Ball Lightni  Conj/Air       47%        3x3d16    4%          6
c - Borgnjor's Vile Clut  Necr/Erth      47%        N/A       1%          5
d - Tukima's Dance        Hex            94%        N/A       1%          3
e - Ensorcelled Hibernat  Hex/Ice        100%       N/A       1%          2
f - Freezing Cloud        Conj/Ice/Air   47%        6-21      1%          5
g - Vampiric Draining     Necr           94%        2d12      1%          3
h - Mephitic Cloud        Conj/Pois/Air  94%        N/A       1%          3
i - Irradiate             Conj/Tmut      47%        3d27      1%          5
p - Apportation           Tloc           100%       N/A       1%          1
t - Confusing Touch       Hex            94%        N/A       1%          3
v - Summon Mana Viper     Hex/Summ       94%        N/A       1%          5
S - Swiftness             Air            94%        N/A       1%          3

Your spell library contained the following spells:

 Spells                   Type           Power      Damage    Failure   Level
 Freeze                   Ice            100%       1d10      1%          1
 Magic Dart               Conj           100%       1d8       1%          1
 Necrotise                Necr           100%       1d9       1%          1
 Shock                    Conj/Air       100%       1d9       1%          1
 Slow                     Hex            100%       N/A       1%          1
 Summon Small Mammal      Summ           100%       N/A       1%          1
 Call Imp                 Summ           100%       N/A       1%          2
 Cigotuvi's Dreadful Rot  Necr/Pois/Air  100%       N/A       1%          2
 Jinxbite                 Hex            100%       N/A       1%          2
 Passwall                 Tmut/Erth      78%        N/A       1%          2
 Poisonous Vapours        Pois/Air       100%       N/A       1%          2
 Static Discharge         Conj/Air       100%       2-7/arc   1%          2
 Call Canine Familiar     Summ           94%        N/A       1%          3
 Dazzling Flash           Conj/Hex       100%       N/A       1%          3
 Frozen Ramparts          Ice            100%       1d16      1%          3
 Gell's Gravitas          Tloc           94%        N/A       1%          3
 Hailstorm                Conj/Ice       94%        3d19      1%          3
 Ignite Poison            Fire/Tmut/Pois 94%        N/A       1%          3
 Inner Flame              Hex/Fire       94%        N/A       1%          3
 Sigil of Binding         Hex            94%        N/A       1%          3
 Stone Arrow              Conj/Erth      100%       3d13      1%          3
 Teleport Other           Tloc           94%        N/A       1%          3
 Volatile Blastmotes      Fire/Tloc      100%       2d18      1%          3
 Airstrike                Air            47%        2d(7-23)  1%          4
 Animate Armour           Summ/Erth      100%       N/A       1%          4
 Dimensional Bullseye     Hex/Tloc       47%        N/A       1%          4
 Flame Wave               Conj/Fire      94%        2d20      1%          4
 Iskenderun's Mystic Bla  Conj/Tloc      94%        2d18      1%          4
 Leda's Liquefaction      Hex/Erth       47%        N/A       1%          4
 Olgreb's Toxic Radiance  Pois           94%        N/A       1%          4
 Sticky Flame             Conj/Fire      94%        2d10      1%          4
 Summon Ice Beast         Ice/Summ       94%        N/A       1%          4
 Summon Lightning Spire   Summ/Air       94%        N/A       1%          4
 Alistair's Intoxication  Tmut/Pois      62%        N/A       1%          5
 Arcjolt                  Conj/Air       47%        1d57      1%          5
 Fireball                 Conj/Fire      47%        3d19      1%          5
 Iskenderun's Battlesphe  Conj           94%        2d14      1%          5
 Metabolic Englaciation   Hex/Ice        47%        N/A       1%          5
 Summon Forest            Summ/Tloc      47%        N/A       1%          5
 Death Channel            Necr           47%        N/A       4%          6
 Dispersal                Tloc           47%        N/A       4%          6
 Eringya's Noxious Bog    Tmut/Pois      47%        4d6       4%          6
 Starburst                Conj/Fire      47%        6d13      4%          6
 Monstrous Menagerie      Summ           47%        N/A       24%         7
 Orb of Destruction       Conj           47%        9d12      24%         7
 Ozocubu's Refrigeration  Ice            47%        4d17      24%         7
 Summon Hydra             Summ           47%        N/A       24%         7
 Ignition                 Fire           47%        3d13      88%         8
 Lehudib's Crystal Spear  Conj/Erth      47%        10d11     88%         8
 Maxwell's Capacitive Co  Air            47%        ∞         88%         8
 Chain Lightning          Conj/Air       47%        3d62      100%        9
 Fire Storm               Conj/Fire      47%        8d12      100%        9
 Shatter                  Erth           47%        3d36*     100%        9


Dungeon Overview and Level Annotations

Branches:
Dungeon (15/15)            Temple (0/1) D:7            Lair (5/5) D:11
  Swamp (4/4) Lair:2        Snake (4/4) Lair:3        Slime (0/5) Lair:5
    Orc (2/2) D:11            Elf (3/3) Orc:2        Vaults (5/5) D:13
  Crypt (0/3) Vaults:3     Depths (4/4) D:15            Zot (0/5) Depths:4
Ossuary (visited)          Bailey (visited)           IceCv (visited)
Gauntlet (visited)

Altars:
Dithmenos
Elyvilon
Fedhas
Gozag
Makhleb
Qazlal
Sif Muna
Trog
Uskayaw
Wu Jian
Yredelemnul
The Shining One
Jiyva
Lugonu

Shops:
D:5 =   D:6 [   D:11 [   D:15 =   Orc:1 *   Orc:2 [[!(:   Elf:2 ?   Vaults:2 [
Vaults:3 !   Vaults:4 *(

Portals:
Hell: Depths:1 Depths:2 Depths:3 Depths:4
Abyss: Depths:1 Depths:3
Pandemonium: Depths:1 Depths:2 Depths:4
Ziggurat: Depths:4
Bazaar: Orc:2
Trove: Vaults:2 (give 4 scrolls of fear)

Annotations:
D:12 2 runed translucent doors
Lair:2 2 transporters
Swamp:4 exclusion: 3 oklob plants
Snake:4 1 exclusion
Elf:2 5 runed translucent doors
Elf:3 2 exclusions
Depths:1 1 exclusion
Depths:3 1 runed translucent door, WeeknightWizard's ghost, veteran DEFE
Depths:4 exclusions: 2 draconian stormcallers and 2 more exclusions


Innate Abilities, Weirdness & Mutations

You have very sharp teeth.
Your uncanny sense of smell can sniff out nearby items.
Your experience applies equally to all skills.
You have supernaturally acute eyesight. (SInv)
Your mind is acute. (Int +4, Str/Dex -1)
Your body sometimes deteriorates upon taking damage.
You are weak. (Str -2)


Message History

The ancient lich touches you but does no damage.
You hit the ancient lich but do no damage.
Your bite misses the ancient lich.
The ancient lich is moderately damaged.
The ancient lich misses you.
You hit the ancient lich. You bite the ancient lich!
The ancient lich is heavily damaged.
You hit the ancient lich but do no damage.
The ancient lich is heavily damaged.
The ancient lich touches you but does no damage.
You barely miss the ancient lich.
The ancient lich is heavily damaged.
The ancient lich touches you but does no damage.
You hit the ancient lich but do no damage.
You bite the ancient lich, but do no damage.
The ancient lich is heavily damaged.
The ancient lich touches you but does no damage.
You slice the ancient lich!!
The ancient lich is severely damaged.
You hit the ancient lich.
The ancient lich is severely damaged.
The ancient lich touches you. You partially resist.
You feel drained.
You barely miss the ancient lich. Your bite misses the ancient lich.
The ancient lich is severely damaged.
The ancient lich points at you and mumbles some strange words.
The crystal spear hits you!!!!
Ouch! That really hurt!
You slash the ancient lich!
The ancient lich is almost destroyed.
The ancient lich touches you but does no damage.
You barely miss the ancient lich.
The ancient lich is almost destroyed.
The tengu reaver points at you and mumbles some strange words.
The bolt of negative energy hits the ancient lich.
The ancient lich completely resists.
The bolt of negative energy hits you! You partially resist.
You feel drained.
The ancient lich gestures at you while chanting.
The crystal spear hits you!!!!
You die...
Your body crumbles into a pile of gold.

#####..#,,,,##.#####......./...##
,∆∆∆#..#,,,,#.#.# ##..)).....##
,∆∆∆#..#..,,##)## ##...[...##
**###..#....#.#.# ###...###
,,.....#....##)## #.#.#
,,,....#....#)#.#########.######*
**###..#....##Q#.#.#.#.#.#.#.#.#,
,,..........#.#L#.#.#.#.#.#.#.#,*
,,..........$$.#@#(#.#.#.#)#.#.#,
**####.$...$..##################*
,,.......<<..........,,,,,,,,,,,,
,,...p..<..<.?.......,,,,,,,,,,,,
,,.......<<.L........,,,,,,,,,,,,
,,...........c.......,,,,,∆,,,,,,
**####........#######************
,,,,,...........,,,,,,,,,,,,,,,,,
,,,,...#....#.###****************


You could see an ancient lich and a tengu reaver.

Vanquished Creatures
  An ancient lich (Vaults:5)
  A juggernaut (Depths:4)
  Bai Suzhen (Vaults:3)
  Frederick (Vaults:3)
  Saint Roka (Vaults:3)
  5 caustic shrikes
  2 golden dragons
  Zenata (Elf:1)
  A tentacled monstrosity (Depths:2)
  A deep elf blademaster (Elf:3)
  Asterion (Vaults:1)
  2 titans (Vaults:5)
  A walking frostbound tome (Depths:2)
  6 sphinxes
  A lich (Depths:3)
  A deep elf master archer (Elf:3)
  Gastronok (Lair:2)
  A shadow dragon (Vaults:4)
  Agnes (Elf:1)
  3 thorn hunters
  Donald (Swamp:2)
  6 tengu reavers
  5 nagarajas (Snake:4)
  9 fire giants
  2 fenstrider witches
  Louise (Depths:3)
  4 deep elf sorcerers (Elf:3)
  6 frost giants
  9 vault wardens
  5 deep elf elementalists (Elf:3)
  14 very ugly things
  3 orc warlords
  A quicksilver ooze (IceCv)
  12 ironbound preservers
  3 formless jellyfish
  3 spriggan defenders
  5 ironbound thunderhulks
  A draconian annihilator (Depths:4)
  15 stone giants
  8 vampire knights
  13 eleionomae
  7 deep elf annihilators
  A red draconian (Depths:4)
  5 deep elf demonologists
  Azrael (Snake:3)
  A purple draconian (Depths:4)
  6 spark wasps
  4 bunyips
  15 dire elephants
  2 white draconians (Depths:4)
  An eidolon (Vaults:3)
  3 deep elf death magi (Elf:3)
  12 ettins
  An ettin (shapeshifter) (Vaults:5)
  Josephine (D:13)
  3 shambling mangroves
  An entropy weaver (Vaults:4)
  10 yaktaur captains
  A crystal guardian (Vaults:3)
  2 deep elf high priests
  5 great orbs of eyes
  7 fire dragons
  2 rakshasas (Depths:3)
  3 salamander tyrants (Snake:4)
  9 ice dragons
  33 vault guards
  3 ghost crabs
  4 spriggan air magi
  3 ogre magi
  6 anacondas
  6 ironbound frosthearts
  2 peacekeepers
  11 hydras
  13 alligators
  A catoblepas (Lair:5)
  16 centaur warriors
  A jorogumo (shapeshifter) (Vaults:5)
  9 boulder beetles
  12 dancing weapons
  12 two-headed ogres
  A death knight (Vaults:3)
  11 tengu warriors
  8 naga warriors
  6 deep troll shamans
  6 death yaks (Lair:2)
  3 orc high priests (Orc:2)
  8 deep troll earth magi
  3 vampire magi
  7 spriggan berserkers
  17 naga sharpshooters
  9 deep elf knights
  8 shock serpents
  2 skysharks (Lair:5)
  7 iron trolls
  4 skeletal warriors
  3 goliath frogs
  Lodul (D:10)
  5 spectral hydras (Swamp:4)
  A deep troll (shapeshifter) (Vaults:5)
  A sixfirhy (Depths:1)
  4 spriggan druids
  5 salamander mystics
  8 naga ritualists
  7 wizards
  5 bog bodies
  12 swamp dragons
  6 deep elf archers
  12 lindwurms
  6 necromancers
  50 deep trolls
  A shadow dragon zombie (Depths:1)
  4 glowing orange brains
  An iron dragon zombie (Depths:2)
  2 phantasmal warriors (Depths:3)
  A golden dragon skeleton (Depths:1)
  8 mana vipers
  12 ironbound convokers
  27 deep elf zephyrmancers
  5 flayed ghosts
  A harpy (Vaults:1)
  19 deep elf pyromancers
  6 orc knights
  25 ugly things
  A mana viper (shapeshifter) (Vaults:5)
  6 orc sorcerers
  3 will-o-the-wisps
  3 cyclopes
  A wolf spider (shapeshifter) (Vaults:5)
  A shining eye (Depths:4)
  16 salamanders
  5 elephants (Lair:5)
  2 fire giant skeletons
  2 manticores (D:13)
  40 black mambas
  Maurice (Orc:1)
  14 naga magi
  An eye of devastation (Depths:4)
  5 guardian serpents
  10 cane toads
  A frost giant skeleton (Depths:1)
  17 vault sentinels
  A smoke demon (Depths:1)
  4 gargoyles
  An orange demon (Depths:1)
  4 centaur skeletons (D:13)
  A kobold demonologist (D:13)
  4 komodo dragons
  13 yaktaurs
  5 tengu conjurers
  3 efreet
  A golden dragon simulacrum (Depths:1)
  3 rime drakes
  2 death drake zombies (Swamp:4)
  A yaktaur skeleton (Vaults:3)
  2 freezing wraiths (Swamp:4)
  10 trolls
  A merfolk (shapeshifter) (Vaults:2)
  A yaktaur (shapeshifter) (D:14)
  5 polar bears
  3 hydra zombies (Swamp:4)
  14 tyrant leeches
  A tengu simulacrum (Vaults:4)
  31 hornets
  25 blink frogs
  Prince Ribbit (D:6)
  A death drake skeleton (Swamp:4)
  2 hydra skeletons (Swamp:4)
  A frost giant simulacrum (Depths:2)
  A dream sheep (Lair:5)
  2 spriggan skeletons (Depths:1)
  4 air elementals
  An ettin skeleton (Vaults:3)
  19 slime creatures
  32 spriggans
  9 wraiths
  4 water elementals
  5 wyverns
  A vampire (D:12)
  A human (D:11)
  A ynoxinul (Depths:1)
  4 fire elementals
  35 yaks
  A human simulacrum (Vaults:4)
  A golden eye (shapeshifter) (D:15)
  3 steam dragons
  An elf skeleton (Vaults:3)
  10 vampire mosquitoes
  44 nagas
  17 swamp worms
  10 wargs
  An acid dragon (D:8)
  An ogre zombie (Vaults:4)
  17 water moccasins
  A hydra simulacrum (Swamp:4)
  4 hell hounds
  3 floating eyes
  9 swamp drakes
  48 orc warriors
  9 ice beasts
  4 black bears
  A sky beast (D:6)
  2 swamp dragon zombies (Swamp:4)
  3 great orb of eyes simulacra (IceCv)
  22 ogres
  6 boggarts
  41 wolves
  A swamp dragon skeleton (Swamp:4)
  9 centaurs
  3 phantoms
  A slime creature simulacrum (IceCv)
  6 kobold brigands
  14 bullfrogs
  A gnoll sergeant (D:4)
  3 earth elementals
  A scorpion (D:7)
  4 glowing shapeshifter simulacra (IceCv)
  5 wights (D:8)
  5 water moccasin zombies (Ossuary)
  8 killer bees (D:9)
  An electric eel (D:8)
  4 howler monkeys
  3 lava snakes (Lair:3)
  26 orc priests
  4 hounds (Lair:2)
  2 jellies
  9 iguanas
  A sleepcap (D:6)
  30 orc wizards
  2 mummies (Ossuary)
  13 gnolls
  9 adders
  3 shadow imps
  3 white imps
  3 ufetubi
  An adder zombie (Ossuary)
  4 worms
  3 dart slugs
  87 orcs
  3 endoplasms
  3 giant cockroaches
  8 goblins
  9 hobgoblins
  3 jackals (D:1)
  6 quokkas
  8 ball pythons
  4 bats
  2 frilled lizards
  A gnoll zombie (Ossuary)
  4 hobgoblin zombies (Ossuary)
  20 kobolds
  7 kobold zombies (Ossuary)
  7 orc zombies (Ossuary)
  10 rats
1744 creatures vanquished.

Vanquished Creatures (collateral kills)
  A deep elf blademaster (Elf:3)
  An ironbound preserver (Vaults:2)
  A quicksilver ooze (IceCv)
  A deep elf demonologist (Elf:3)
  A deep elf death mage (Elf:3)
  A crystal guardian (Vaults:3)
  A hell beast (Depths:1)
  3 dancing weapons (Elf:3)
  An orc high priest (Orc:2)
  2 deep elf archers (Elf:3)
  An ironbound convoker (Vaults:3)
  A phantasmal warrior (Vaults:3)
  3 vault sentinels (Vaults:2)
  A water elemental (Elf:3)
  An air elemental (Elf:3)
  An orc warrior (Vaults:3)
  An ogre (Orc:1)
  A killer bee (D:8)
  3 orc priests
  2 orc wizards (Orc:2)
  A gnoll (D:8)
  An orc (Vaults:3)
30 creatures vanquished.

Vanquished Creatures (others)
  A thorn hunter (Swamp:1)
  An anaconda (Snake:3)
  A goliath frog (Swamp:1)
  A swamp dragon (Swamp:4)
  5 bloated husks
  4 dancing weapons
  An electric eel (D:8)
  A gnoll bouda (D:8)
  An orc wizard (Orc:1)
  2 gnolls (D:8)
  76 ball lightnings
  12 foxfires
  11 spectral weapons (Vaults:5)
117 creatures vanquished.

Grand Total: 1891 creatures vanquished

Notes
Turn   | Place    | Note
-------+----------+-------------------------------------------
     0 | D:1      | Midn8 the Gnoll Gladiator began the quest for the Orb.
     0 | D:1      | Reached XP level 1. HP: 20/20 MP: 1/1
   113 | D:1      | Reached XP level 2. HP: 26/26 MP: 2/2
   718 | D:2      | Reached XP level 3. HP: 31/31 MP: 3/3
   873 | D:2      | Reached skill level 1 in Invocations
   879 | D:2      | Reached skill level 1 in Short Blades
   879 | D:2      | Reached skill level 1 in Long Blades
   879 | D:2      | Reached skill level 1 in Axes
   879 | D:2      | Reached skill level 1 in Maces & Flails
   879 | D:2      | Reached skill level 1 in Polearms
   879 | D:2      | Reached skill level 1 in Ranged Weapons
   879 | D:2      | Reached skill level 1 in Armour
   879 | D:2      | Reached skill level 1 in Stealth
   879 | D:2      | Reached skill level 1 in Shields
   879 | D:2      | Reached skill level 1 in Unarmed Combat
   879 | D:2      | Reached skill level 1 in Spellcasting
   879 | D:2      | Reached skill level 1 in Evocations
   933 | D:2      | Got the Papyrus of the Snake
  1018 | D:2      | Reached XP level 4. HP: 38/38 MP: 5/5
  1213 | D:2      | Reached skill level 1 in Shapeshifting
  1289 | D:2      | Reached skill level 1 in Conjurations
  1289 | D:2      | Reached skill level 1 in Hexes
  1289 | D:2      | Reached skill level 1 in Summonings
  1289 | D:2      | Reached skill level 1 in Necromancy
  1289 | D:2      | Reached skill level 1 in Translocations
  1289 | D:2      | Reached skill level 1 in Transmutations
  1289 | D:2      | Reached skill level 1 in Fire Magic
  1289 | D:2      | Reached skill level 1 in Ice Magic
  1289 | D:2      | Reached skill level 1 in Air Magic
  1289 | D:2      | Reached skill level 1 in Earth Magic
  1289 | D:2      | Reached skill level 1 in Poison Magic
  1755 | D:3      | Reached XP level 5. HP: 34/43 MP: 5/7
  2279 | D:4      | Noticed an ogre
  2287 | D:4      | Killed an ogre
  2288 | D:4      | Reached skill level 5 in Fighting
  2288 | D:4      | Reached skill level 5 in Throwing
  2288 | D:4      | Reached XP level 6. HP: 31/51 MP: 8/8
  2412 | D:4      | Found a sand-covered staircase.
  2432 | Ossuary  | Entered an ossuary
  2466 | Ossuary  | Reached skill level 2 in Polearms
  2548 | Ossuary  | Reached XP level 7. HP: 52/56 MP: 10/10
  2954 | D:3      | Found a faded altar of an unknown god.
  2987 | D:3      | Prayed at the altar of an unknown god.
  2987 | D:3      | Became a worshipper of Gozag Ym Sagoz the Greedy
  3316 | D:4      | Found a glowing golden altar of the Shining One.
  3525 | D:5      | Entered Level 5 of the Dungeon
  3764 | D:5      | Reached XP level 8. HP: 43/63 MP: 12/12
  3921 | D:5      | Reached skill level 3 in Polearms
  4239 | D:5      | Noticed a moth of wrath
  4241 | D:5      | Found a bloodstained altar of Trog.
  4675 | D:5      | Found Warihuca's Jewellery Shoppe.
  4940 | D:5      | Learned a level 1 spell: Apportation
  5887 | D:6      | Found a shimmering blue altar of Sif Muna.
  5913 | D:6      | Found Bot Baceet's Antique Armour Boutique.
  5920 | D:6      | Bought a runed cloak for 187 gold pieces
  6097 | D:6      | Identified the +0 leather armour "Iqeut" {Str+3 Stlth+}
  6201 | D:6      | Reached XP level 9. HP: 58/69 MP: 14/14
  6251 | D:6      | Noticed Prince Ribbit
  6259 | D:6      | Killed Prince Ribbit
  6260 | D:6      | Reached skill level 4 in Polearms
  6530 | D:7      | Found a staircase to the Ecumenical Temple.
  6832 | D:7      | Found a flagged portal.
  6865 | Bailey   | Entered a bailey
  7002 | Bailey   | Reached skill level 5 in Invocations
  7076 | Bailey   | Noticed a two-headed ogre
  7081 | Bailey   | Killed a two-headed ogre
  7082 | Bailey   | Reached skill level 5 in Short Blades
  7082 | Bailey   | Reached skill level 5 in Long Blades
  7082 | Bailey   | Reached skill level 5 in Axes
  7082 | Bailey   | Reached skill level 5 in Maces & Flails
  7082 | Bailey   | Reached skill level 5 in Polearms
  7082 | Bailey   | Reached skill level 5 in Ranged Weapons
  7082 | Bailey   | Reached skill level 5 in Armour
  7082 | Bailey   | Reached skill level 5 in Stealth
  7082 | Bailey   | Reached skill level 5 in Shields
  7082 | Bailey   | Reached skill level 5 in Unarmed Combat
  7082 | Bailey   | Reached skill level 5 in Spellcasting
  7082 | Bailey   | Reached skill level 5 in Evocations
  7082 | Bailey   | Reached XP level 10. HP: 45/77 MP: 17/17
  8294 | D:8      | Found a hide-covered altar of Uskayaw.
  8468 | D:8      | Learned a level 3 spell: Mephitic Cloud
  8474 | D:8      | Found an ornate altar of the Wu Jian Council.
  8677 | D:8      | Reached skill level 5 in Shapeshifting
  8956 | D:8      | Noticed a deep elf pyromancer
  8967 | D:8      | Killed a deep elf pyromancer
  9176 | D:8      | Got the Tome of Congelation
  9214 | D:8      | Noticed a red ugly thing
  9283 | D:8      | Killed a red ugly thing
  9284 | D:8      | Reached skill level 6 in Polearms
  9284 | D:8      | Reached XP level 11. HP: 41/84 MP: 7/20
  9550 | D:9      | Noticed a two-headed ogre
  9575 | D:9      | Killed a two-headed ogre
  9576 | D:9      | Reached skill level 5 in Conjurations
  9576 | D:9      | Reached skill level 5 in Hexes
  9576 | D:9      | Reached skill level 5 in Summonings
  9576 | D:9      | Reached skill level 5 in Necromancy
  9576 | D:9      | Reached skill level 5 in Translocations
  9576 | D:9      | Reached skill level 5 in Transmutations
  9576 | D:9      | Reached skill level 5 in Fire Magic
  9576 | D:9      | Reached skill level 5 in Ice Magic
  9576 | D:9      | Reached skill level 5 in Air Magic
  9576 | D:9      | Reached skill level 5 in Earth Magic
  9576 | D:9      | Reached skill level 5 in Poison Magic
  9729 | D:9      | Noticed a two-headed ogre
  9745 | D:9      | Killed a two-headed ogre
 10541 | D:9      | Noticed a two-headed ogre
 10551 | D:9      | Killed a two-headed ogre
 10832 | D:9      | Found a shadowy altar of Dithmenos.
 11052 | D:10     | Entered Level 10 of the Dungeon
 11485 | D:10     | Noticed a two-headed ogre
 11524 | D:10     | Killed a two-headed ogre
 11940 | D:11     | Noticed a two-headed ogre
 11955 | D:11     | Killed a two-headed ogre
 12003 | D:11     | Found Viunele's Armour Emporium.
 12039 | D:11     | Reached XP level 12. HP: 38/94 MP: 22/22
 12097 | D:11     | Bought a +1 ring mail of willpower for 192 gold pieces
 12140 | D:11     | You fall into a shaft and drop 2 floors!
 12145 | D:13     | Found a gate leading to a gauntlet.
 12155 | D:13     | Reached skill level 7 in Polearms
 12226 | Gauntlet | Entered a Gauntlet
 12226 | Gauntlet | Found a transporter.
 12226 | Gauntlet | Found a transporter.
 12232 | Gauntlet | Found a transporter.
 12234 | Gauntlet | Found a transporter.
 12234 | Gauntlet | Found a transporter.
 12236 | Gauntlet | Noticed a death scarab
 12237 | Gauntlet | Found a transporter.
 12268 | Gauntlet | Found a transporter.
 12270 | Gauntlet | Found a transporter.
 12270 | Gauntlet | Found a transporter.
 12285 | Gauntlet | Found a transporter.
 12300 | Gauntlet | Found a transporter.
 12310 | Gauntlet | Found a transporter.
 12310 | Gauntlet | Noticed a wretched star
 12314 | Gauntlet | Found a transporter.
 12348 | Gauntlet | Found a transporter.
 12390 | D:13     | Noticed a tengu warrior
 12431 | D:13     | Killed a tengu warrior
 12566 | D:13     | Learned a level 2 spell: Poisonous Vapours
 12567 | D:12     | Noticed Josephine
 12669 | D:12     | Found a runed translucent door.
 12769 | D:11     | Noticed a boulder beetle
 12781 | D:11     | Learned a level 1 spell: Summon Small Mammal
 12785 | D:11     | Killed a boulder beetle
 12849 | D:11     | Noticed a two-headed ogre
 12897 | D:11     | Killed a two-headed ogre
 12898 | D:11     | Reached skill level 10 in Staves
 12898 | D:11     | Reached skill level 10 in Dodging
 12949 | D:11     | Noticed Lodul
 13205 | D:11     | Found a staircase to the Orcish Mines.
 13372 | D:10     | Killed Lodul
 13677 | D:11     | Found a staircase to the Lair.
 13678 | D:11     | Noticed a boulder beetle
 13698 | D:11     | Killed a boulder beetle
 14044 | Lair:1   | Entered Level 1 of the Lair of Beasts
 14305 | Lair:1   | Learned a level 3 spell: Vampiric Draining
 14332 | Lair:1   | Noticed a boulder beetle
 14333 | Lair:1   | Reached skill level 8 in Polearms
 14333 | Lair:1   | Reached XP level 13. HP: 96/101 MP: 11/25
 15408 | Lair:1   | Learned a level 3 spell: Stone Arrow
 15437 | Lair:1   | Identified a scroll of acquirement
 15464 | Lair:1   | Acquired a +1 quick blade of protection
 15709 | Lair:1   | Learned a level 2 spell: Ensorcelled Hibernation
 15860 | D:11     | Bought an orb of guile for 156 gold pieces
 15874 | D:11     | Learned a level 3 spell: Confusing Touch
 15985 | Lair:2   | Found a staircase to the Swamp.
 16161 | Lair:2   | Noticed Gastronok
 16193 | Lair:2   | Killed Gastronok
 16611 | Lair:2   | Found a transporter.
 16911 | Lair:2   | Found a transporter.
 17532 | Lair:2   | Reached skill level 10 in Fighting
 17532 | Lair:2   | Reached skill level 10 in Throwing
 17783 | Lair:3   | Reached skill level 9 in Polearms
 17783 | Lair:3   | Reached XP level 14. HP: 109/110 MP: 18/27
 17818 | Lair:3   | Found a staircase to the Snake Pit.
 18106 | Lair:3   | Upgraded the game from 0.31-a0-691-g409c26aa35 to
                  | 0.31-a0-700-gf13585253f
 18717 | Lair:4   | Reached skill level 10 in Invocations
 19083 | D:5      | Bought the ring "Nacick" {Str+3 Int+6} for 640 gold pieces
 20099 | Lair:5   | Entered Level 5 of the Lair of Beasts
 20621 | Lair:5   | Paralysed by a hornet for 2 turns
 20978 | Lair:5   | Paralysed by a hornet for 3 turns
 21351 | Lair:5   | Learned a level 5 spell: Freezing Cloud
 21711 | Lair:5   | Found a viscous altar of Jiyva.
 21711 | Lair:5   | Found a staircase to the Slime Pits.
 22515 | D:12     | Found a runed translucent door.
 22577 | D:12     | Found a white marble altar of Elyvilon.
 22781 | D:12     | Reached XP level 15. HP: 112/117 MP: 25/28
 22971 | D:12     | Learned a level 3 spell: Tukima's Dance
 23049 | D:13     | Killed Josephine
 23205 | D:13     | Reached skill level 10 in Short Blades
 23205 | D:13     | Reached skill level 10 in Long Blades
 23205 | D:13     | Reached skill level 10 in Axes
 23205 | D:13     | Reached skill level 10 in Maces & Flails
 23205 | D:13     | Reached skill level 10 in Polearms
 23205 | D:13     | Reached skill level 10 in Ranged Weapons
 23205 | D:13     | Reached skill level 10 in Armour
 23205 | D:13     | Reached skill level 10 in Stealth
 23205 | D:13     | Reached skill level 10 in Shields
 23205 | D:13     | Reached skill level 10 in Unarmed Combat
 23205 | D:13     | Reached skill level 10 in Spellcasting
 23205 | D:13     | Reached skill level 10 in Evocations
 23431 | D:13     | Found a gate to the Vaults.
 23506 | D:13     | Identified the ring "Circho" {rElec rN+ Will+ Str+6 Dex-3}
 24310 | D:14     | Found a shadowy altar of Dithmenos.
 25076 | D:15     | Entered Level 15 of the Dungeon
 25845 | D:15     | Found a staircase to the Depths.
 25875 | D:15     | Found a stormy altar of Qazlal.
 25894 | D:15     | Found Hihoosk's Jewellery Shop.
 26449 | Orc:1    | Entered Level 1 of the Orcish Mines
 26716 | Orc:1    | Noticed an orc warlord
 26898 | Orc:1    | Gained mutation: You do not regenerate when monsters are
                  | visible. [a neqoxec]
 26917 | D:11     | Killed an orc warlord
 27135 | Orc:1    | Reached XP level 16. HP: 125/126 MP: 25/30
 27462 | Orc:1    | Noticed Maurice
 27470 | Orc:1    | Killed Maurice
 27778 | Orc:1    | Identified the +5 great sword of Courage {antimagic, Fly}
 27815 | Orc:1    | Identified the +3 morningstar "Baffixka" {flame, rElec rC-
                  | Will+ Int+3}
 27879 | Orc:2    | Entered Level 2 of the Orcish Mines
 28086 | Orc:2    | Found Wuun's Self-Improvement Boutique.
 28173 | Orc:1    | Reached skill level 10 in Shapeshifting
 28335 | Orc:2    | Gained mutation: Your body sometimes deteriorates upon
                  | taking damage. [a neqoxec]
 28533 | Orc:2    | Found a staircase to the Elven Halls.
 28897 | Orc:2    | Reached skill level 11 in Polearms
 28976 | Orc:2    | Found Aciclahe's Antique Weapon Emporium.
 28977 | Orc:2    | Found Ihukyiwk's Antique Armour Shoppe.
 29028 | Orc:2    | Found Dustiesh's Antique Armour Shoppe.
 29060 | Orc:2    | Found Sannav's Distillery.
 29064 | Orc:2    | Bought a potion of haste for 120 gold pieces
 29064 | Orc:2    | Bought a potion of haste for 120 gold pieces
 29064 | Orc:2    | Bought a potion of curing for 36 gold pieces
 29064 | Orc:2    | Bought a potion of curing for 36 gold pieces
 29066 | Orc:2    | Bought a pair of warped gloves for 304 gold pieces
 29066 | Orc:2    | Identified the +2 pair of gloves of Miracles {rF+ rCorr
                  | Dex-2} (You bought it in a shop on level 2 of the Orcish
                  | Mines)
 29081 | Orc:2    | Bought a shadowed robe for 205 gold pieces
 29081 | Orc:2    | Identified the +0 robe "Poluigh" {*Corrode Int+2 Stlth+}
                  | (You bought it in a shop on level 2 of the Orcish Mines)
 29081 | Orc:2    | Bought the +3 pair of mountain boots {steadfast, rC+} for
                  | 1206 gold pieces
 29081 | Orc:2    | Found the +3 pair of mountain boots {steadfast, rC+}
 29300 | Orc:2    | Found a gateway to a bazaar.
 29677 | Orc:1    | Found Esoesakh's General Store.
 29700 | Orc:1    | Bought a potion of mutation for 128 gold pieces
 29700 | Orc:1    | Bought a scroll of teleportation for 48 gold pieces
 29700 | Orc:1    | Bought a potion of heal wounds for 80 gold pieces
 29774 | Orc:2    | Lost mutation: You do not regenerate when monsters are
                  | visible. [potion of mutation]
 29774 | Orc:2    | Lost mutation: Your body sometimes deteriorates upon taking
                  | damage. [potion of mutation]
 29774 | Orc:2    | Gained mutation: You are weak. (Str -2) [potion of
                  | mutation]
 29774 | Orc:2    | Gained mutation: You have supernaturally acute eyesight.
                  | (SInv) [potion of mutation]
 29774 | Orc:2    | Gained mutation: Your mind is acute. (Int +4, Str/Dex -1)
                  | [potion of mutation]
 29987 | D:5      | Bought a ring of poison resistance for 260 gold pieces
 30248 | Swamp:1  | Entered Level 1 of the Swamp
 31174 | Swamp:1  | Noticed a thorn hunter
 31194 | Swamp:1  | Killed a thorn hunter
 31555 | Swamp:2  | Noticed Donald
 31565 | Swamp:2  | Killed Donald
 31888 | Swamp:2  | Noticed a thorn hunter
 31918 | Swamp:2  | Killed a thorn hunter
 32106 | Swamp:2  | Identified the +0 great sword "Oneotari" {holy, Str+3 Dex-5
                  | SInv}
 32212 | Swamp:2  | Reached XP level 17. HP: 99/134 MP: 29/32
 32774 | Swamp:3  | Identified the ring "Reusmik" {rF- AC+4 Str+3 Int+7}
 32912 | Swamp:3  | Found a frozen archway.
 32948 | IceCv    | Entered an ice cave
 32981 | IceCv    | Learned a level 4 spell: Dispel Undead
 33148 | IceCv    | Reached skill level 10 in Conjurations
 33148 | IceCv    | Reached skill level 10 in Hexes
 33148 | IceCv    | Reached skill level 10 in Summonings
 33148 | IceCv    | Reached skill level 10 in Necromancy
 33148 | IceCv    | Reached skill level 10 in Translocations
 33148 | IceCv    | Reached skill level 10 in Transmutations
 33148 | IceCv    | Reached skill level 10 in Fire Magic
 33148 | IceCv    | Reached skill level 10 in Ice Magic
 33148 | IceCv    | Reached skill level 10 in Air Magic
 33148 | IceCv    | Reached skill level 10 in Earth Magic
 33148 | IceCv    | Reached skill level 10 in Poison Magic
 33912 | Swamp:4  | Entered Level 4 of the Swamp
 34003 | Swamp:4  | Learned a level 3 spell: Swiftness
 34216 | Swamp:4  | Reached skill level 12 in Polearms
 35196 | Swamp:4  | Reached XP level 18. HP: 139/143 MP: 34/34
 35208 | Swamp:4  | Found a basalt altar of Yredelemnul.
 35220 | Swamp:4  | Got a decaying rune of Zot
 35244 | Swamp:4  | Found a blossoming altar of Fedhas.
 36031 | Snake:1  | Entered Level 1 of the Snake Pit
 37250 | Snake:2  | Identified the +1 pair of gloves of Peek-a-Boo {rElec rPois
                  | Regen+}
 38588 | Snake:3  | Noticed Azrael
 38670 | Snake:3  | Killed Azrael
 39435 | Snake:4  | Entered Level 4 of the Snake Pit
 40166 | Snake:4  | Reached skill level 13 in Polearms
 40290 | Snake:4  | Reached XP level 19. HP: 151/151 MP: 33/36
 41228 | Snake:4  | Got a serpentine rune of Zot
 41519 | Vaults:1 | Entered Level 1 of the Vaults
 41750 | Vaults:1 | Noticed Asterion
 41766 | Vaults:1 | Killed Asterion
 42313 | Elf:1    | Entered Level 1 of the Elven Halls
 42398 | Elf:1    | Got the Compilation of Dhcmrlchtdj
 42609 | Elf:1    | Got Fuseed's Precepts of Arcane Weapons
 42626 | Elf:1    | Learned a level 5 spell: Summon Mana Viper
 42697 | Elf:1    | Paralysed by an air elemental for 1 turns
 42714 | Elf:1    | Acquired 1236 gold pieces
 42716 | Elf:1    | Acquired the +9 staff of Olgreb {rPois∞}
 42716 | Elf:1    | Found the +9 staff of Olgreb {rPois∞}
 42831 | Elf:1    | Got the Catalogue of Plaster Cramp
 42937 | Elf:1    | Learned a level 5 spell: Borgnjor's Vile Clutch
 43052 | Elf:1    | Noticed Agnes
 43060 | Elf:1    | Killed Agnes
 43343 | Elf:2    | Paralysed by an air elemental for 1 turns
 43345 | Elf:2    | Paralysed by an air elemental for 1 turns
 43348 | Elf:2    | Reached skill level 15 in Staves
 43348 | Elf:2    | Reached skill level 15 in Dodging
 43470 | Elf:2    | Paralysed by an air elemental for 1 turns
 43745 | Elf:1    | Reached XP level 20. HP: 160/160 MP: 37/37
 43911 | Elf:2    | Found Naitoecy's Magic Scroll Boutique.
 43935 | Elf:2    | Bought a scroll of blinking for 97 gold pieces
 43935 | Elf:2    | Bought a scroll of enchant armour for 97 gold pieces
 44049 | Elf:2    | Found a huge runed translucent gate.
 44049 | Elf:2    | Found a huge runed translucent gate.
 44049 | Elf:2    | Found a huge runed translucent gate.
 44049 | Elf:2    | Found a huge runed translucent gate.
 44049 | Elf:2    | Found a huge runed translucent gate.
 44499 | Elf:3    | Entered Level 3 of the Elven Halls
 45119 | Elf:3    | Reached skill level 15 in Invocations
 45215 | Elf:3    | Identified the ring of the Devil's Team {Ice rPois Will+
                  | Int+4}
 45300 | Elf:3    | Identified the +4 ring mail of the End {rPois rN++ MP+9
                  | Dex-3}
 45625 | Elf:3    | Identified the ring of Awe {rElec Int+2 SInv Stlth+}
 45729 | Elf:3    | Identified the ring of the Gloaming {*Corrode rElec rPois
                  | EV+5 Str+2}
 45744 | Elf:3    | Reached skill level 14 in Polearms
 45952 | Elf:3    | Identified the +8 plate armour of the Zebra {rN+ Int+4}
 46045 | Elf:3    | Identified the staff "Pendulum" {rPois rN+ Earth}
 46051 | Elf:3    | Got the Papyrus of Amorphous Haze
 46063 | Elf:3    | Learned a level 5 spell: Irradiate
 46150 | Elf:3    | Identified the +3 chain mail of Protective Custody {Will+
                  | Str+2}
 46305 | Elf:3    | Gained mutation: Your body sometimes deteriorates upon
                  | taking damage. [a cacodemon]
 46632 | Elf:1    | Noticed Zenata
 46644 | Elf:1    | Killed Zenata
 47801 | Vaults:2 | Found a portal to a secret trove of treasure.
 47811 | Vaults:2 | Bought a +1 chain mail of willpower for 313 gold pieces
 48272 | Vaults:2 | Reached skill level 15 in Fighting
 48272 | Vaults:2 | Reached skill level 15 in Throwing
 48420 | Vaults:2 | Reached XP level 21. HP: 168/168 MP: 18/39
 49380 | Vaults:3 | Found Mahiy's Distillery.
 49430 | Vaults:3 | Bought a potion of resistance for 200 gold pieces
 49430 | Vaults:3 | Bought a potion of resistance for 200 gold pieces
 49430 | Vaults:3 | Bought a potion of haste for 200 gold pieces
 49634 | Vaults:3 | Noticed Bai Suzhen
 49654 | Vaults:3 | Killed Bai Suzhen
 49655 | Vaults:3 | Reached skill level 15 in Polearms
 50146 | Vaults:3 | Found a staircase to the Crypt.
 50162 | Vaults:3 | Noticed Frederick
 50175 | Vaults:3 | Killed Frederick
 50731 | Vaults:3 | Noticed Saint Roka
 50773 | Vaults:3 | Killed Saint Roka
 51386 | Vaults:4 | Identified the +5 mace of the Several Tables {speed, Will++
                  | Str-5 Dex+3}
 51489 | Vaults:4 | Found Bic Kyck's General Store.
 51495 | Vaults:4 | Bought 2 potions of heal wounds for 240 gold pieces
 51495 | Vaults:4 | Bought a phantom mirror for 960 gold pieces
 51507 | Vaults:4 | Found Ros Acer's Weapon Shop.
 51696 | Vaults:4 | Reached skill level 15 in Short Blades
 51696 | Vaults:4 | Reached skill level 15 in Long Blades
 51696 | Vaults:4 | Reached skill level 15 in Axes
 51696 | Vaults:4 | Reached skill level 15 in Maces & Flails
 51696 | Vaults:4 | Reached skill level 15 in Ranged Weapons
 51696 | Vaults:4 | Reached skill level 15 in Armour
 51696 | Vaults:4 | Reached skill level 15 in Stealth
 51696 | Vaults:4 | Reached skill level 15 in Shields
 51696 | Vaults:4 | Reached skill level 15 in Unarmed Combat
 51696 | Vaults:4 | Reached skill level 15 in Spellcasting
 51696 | Vaults:4 | Reached skill level 15 in Evocations
 51925 | Vaults:4 | Reached XP level 22. HP: 176/176 MP: 32/41
 52644 | Depths:1 | Entered Level 1 of the Depths
 52676 | Depths:1 | Reached skill level 16 in Polearms
 52701 | Depths:1 | Found a burning altar of Makhleb.
 52706 | Depths:1 | Found a glowing golden altar of the Shining One.
 53460 | Depths:1 | Found a corrupted altar of Lugonu.
 53460 | Depths:1 | Found a one-way gate to the infinite horrors of the Abyss.
 53719 | Depths:1 | Found a one-way gate leading to the halls of Pandemonium.
 53719 | Depths:1 | Found a gateway to Hell.
 53787 | Depths:1 | Learned a level 6 spell: Conjure Ball Lightning
 54857 | Depths:2 | Got the Essays on Incandescence and Combat Magic
 55655 | Depths:2 | Identified the staff of Grandeur {rPois Str+2 Int+3 SInv
                  | Poison}
 55747 | Depths:3 | Reached skill level 17 in Polearms
 55828 | Depths:3 | Noticed a golden dragon
 55849 | Depths:3 | Killed a golden dragon
 56012 | Depths:3 | Reached XP level 23. HP: 130/184 MP: 18/42
 56247 | Depths:3 | Noticed Louise
 56337 | Depths:3 | Killed Louise
 56392 | Depths:3 | Noticed a caustic shrike
 56410 | Depths:3 | Noticed a caustic shrike
 56412 | Depths:3 | Noticed a caustic shrike
 56442 | Depths:2 | Killed a caustic shrike
 56445 | Depths:2 | Killed a caustic shrike
 56527 | Depths:3 | Killed a caustic shrike
 56684 | Depths:3 | Noticed a caustic shrike
 56687 | Depths:3 | Killed a caustic shrike
 56785 | Depths:3 | Noticed a caustic shrike
 56940 | Depths:3 | Killed a caustic shrike
 57339 | Depths:3 | Found a runed translucent door.
 57357 | Depths:3 | Noticed WeeknightWizard's ghost (veteran DEFE)
 57803 | Depths:4 | Entered Level 4 of the Depths
 58290 | Depths:4 | Noticed a golden dragon
 58309 | Depths:4 | Killed a golden dragon
 58500 | Depths:4 | Noticed a juggernaut
 58512 | Depths:4 | Killed a juggernaut
 58658 | Depths:4 | Found a one-way gateway to a ziggurat.
 58668 | Depths:4 | Identified the ring "Fotom" {rC+ Str+6}
 58807 | Depths:4 | Found a gate to the Realm of Zot.
 59344 | Vaults:4 | Bought the +5 glaive of the Guard {elec, spectral, AC+5}
                  | for 761 gold pieces
 59344 | Vaults:4 | Found the +5 glaive of the Guard {elec, spectral, AC+5}
 59403 | Vaults:5 | Entered Level 5 of the Vaults
 59429 | Vaults:5 | Reached skill level 18 in Polearms
 59464 | Vaults:5 | Identified the ring "Husip" {Fire Drain rN+ Dex+2}
 59549 | Vaults:5 | Reached skill level 15 in Shapeshifting
 59684 | Vaults:5 | Got a silver rune of Zot
 59853 | Vaults:5 | Reached XP level 24. HP: 164/193 MP: 43/43
 60014 | Vaults:5 | Identified the +7 shortbow "Hawehy" {speed, rN+++ Int+6
                  | Stlth-}
 60025 | Vaults:5 | Identified the +10 longbow of the Extremes {elec, rF+ Will-
                  | Int+4}
 60053 | Vaults:5 | Identified the +1 pair of boots of the Unbroken {Dex+4}
 60130 | Vaults:5 | Identified the +2 robe "Obytwom" {rF- rCorr Int+5}
 60145 | Vaults:5 | Noticed an ancient lich
 60166 | Vaults:5 | Killed an ancient lich
 60279 | Vaults:5 | Identified the +7 quarterstaff "Keupyca" {holy, rElec Str-3
                  | Int+6 SInv}
 60372 | Vaults:5 | Noticed an ancient lich
 60393 | Vaults:5 | Killed from afar by an ancient lich

Illustrated notes

Levels and vault maps discovered:
D:1:      erik_arrival_orb_chamber, layout_basic, minmay_misc_feat_tiny,
          serial_bayou_pond_c
D:2:      layout_rooms
D:3:      layout_basic, serial_aquarium, aquarium_bridge_long_joined
          [aquarium_subvault_window, aquarium_subvault_balcony,
          aquarium_subvault_wall, aquarium_subvault_window,
          aquarium_subvault_bridge, aquarium_subvault_bridge],
          aquarium_bridge_square [aquarium_subvault_window,
          aquarium_subvault_bridge, aquarium_subvault_bridge,
          aquarium_subvault_balcony], aquarium_window_fake,
          aquarium_window_fake, aquarium_view_2d, aquarium_balcony_5b,
          aquarium_pool_split, ebering_ecumenical_altar_petrified
D:4:      layout_rooms, nicolae_tso_swordbearing_angel,
          nicolae_ossuary_entry_monument
D:5:      layout_loops_corners, tgw_trog, serial_shops, shop, lightli_minifort
D:6:      minmay_general_purpose_star, layout_loops_ring,
          nicolae_sif_muna_condensation, serial_shops, shop, uniq_prince_ribbit1
D:7:      layout_cave_pools, minmay_temple_entry_mist, enter_bailey_4,
          serial_co_window_serial, co_window_corner_a, co_window_corner_a,
          co_window_of_opportunity_a, co_window_corner_a, co_window_paths_a,
          co_window_paths_b, co_window_2corner, co_window_paths_c,
          co_window_broadway_c, co_window_broadway_a, co_window_paths_e,
          glass_columns_b, glass_columns_a, glass_columns_a, glass_columns_a
D:8:      layout_basic, nicolae_wu_jian_wuxing_cycle,
          mainiacjoe_overflow_cross_hatched, minmay_pinched_square
D:9:      layout_grid_maze, nicolae_overflow_crystal_walls
D:10:     layout_cave_pools
D:11:     layout_long_grid, lair_entry_dummy, erik_orc_4, serial_shops, shop,
          uniq_lodul
D:12:     cheibrodos_histonic, layout_irregular_city, elyvilon_altar_3,
          uniq_josephine
D:13:     minmay_ice_pillars, layout_small_grid,
          hangedman_vaults_entry_quadrant_bands, gauntlet_entry_generic
D:14:     layout_small_grid, nicolae_dithmenos_the_darkroom,
          corexii_hall_statues_u, kennysheep_generic_room_11
D:15:     hangedman_depths_entry_civil_slaughter, layout_long_grid,
          serial_shops, nicolae_shop_trees, grunt_qazlal_clouds
Lair:1:   layout_long_grid, infiniplex_staircase_pool
Lair:2:   beast_lair_carwin_large_3, layout_loops_ring,
          skrybe_swamp_entry_bodies, gammafunk_ghost_hive, uniq_gastronok
Lair:3:   layout_long_grid, nicolae_snake_entry_warm_welcome,
          nicolae_volcano_entry_hallway
Lair:4:   layout_regular_city
Lair:5:   minmay_lair_end_enchanted_forest, layout_layer_cave,
          dpeg_slime_entry_enclosed
Swamp:1:  layout_basic_swamp, evilmike_swamp_ruin_house_3, swamp_pool1,
          nicolae_swamp_no_escape
Swamp:2:  nicolae_swamp_wrong_neighborhood, layout_basic_swamp,
          hangedman_swamp_lotus, nicolae_swamp_soggy_hallways, uniq_donald
Swamp:3:  layout_basic_swamp, portal_ice_cave_entry_dragon,
          evilmike_swamp_ruin_house_4
Swamp:4:  byrel_swamp_growth_death_and_undeath, layout_basic_swamp, swamp_pool5
Snake:1:  layout_misc_corridors, serial_bayou_pond_a
Snake:2:  layout_rooms
Snake:3:  layout_layer_cave, uniq_azrael
Snake:4:  johnstein_snake_rune_scales, layout_concentric_octagons,
          serial_bayou_shore_b
Orc:1:    layout_caves, serial_shops, shop, minmay_orc_treasury, uniq_maurice
Orc:2:    st_orc_mages, layout_caves, serial_shops, bzr_entry_gold,
          nicolae_shop_self_help
Elf:1:    eino_elf_arrival_shootout, layout_gridlike, minmay_elf_annihilation,
          drop_trap, bh_hangedman_babel_library, uniq_zenata, uniq_agnes
Elf:2:    elven_hall_of_blades_hangedman_alternative [nicolae_blade_bullseye],
          layout_loops_cross, serial_shops, shop
Elf:3:    grunt_elf_hall_branching, layout_geoelf_octagon
Vaults:1: nicolae_vaults_hallways_thing, ontoclasm_vaults_pinch, v_misc_32,
          nicolae_vaults_weapon_check, nicolae_vaults_double_plus_1,
          nicolae_vaults_turnstiles, vaults_room_door_hall,
          layout_vaults_omnigrid, uniq_asterion
Vaults:2: nicolae_vaults_disappearing_quadrants, ontoclasm_vaults_spin,
          nicolae_vaults_trapezoid_1, grunt_vaults_hallway_long, v_misc_2,
          layout_vaults_chaotic_city, nicolae_trove_entry_diagonal
Vaults:3: hangedman_vaults_maws, vaults_room_large_hall,
          minmay_crypt_entry_simple_statues, v_misc_11,
          nicolae_vaults_what_the_h, grunt_vaults_hallway_long,
          nicolae_vaults_tangram_2, hangedman_vaults_capsules,
          vaults_standard_mumra_lines, hangedman_vaults_stretched_pinwheel,
          vaults_mumra_minichess, nicolae_vaults_storage_room_statues,
          nicolae_vaults_double_plus_2, layout_vaults_omnibox, serial_shops,
          nicolae_shop_statue_plus, uniq_saint_roka, uniq_frederick,
          uniq_bai_suzhen
Vaults:4: ontoclasm_vaults_chip, nicolae_vaults_trapezoid_4,
          vaults_room_grunt_arrival_checkpoint, ontoclasm_vaults_eye,
          nicolae_vaults_little_ls, grunt_vaults_focal, dpeg_vaults_monster_box,
          nicolae_vaults_enemy_cabinets, nicolae_vaults_shrinking_rooms_1,
          hangedman_vaults_nails, nicolae_vaults_cochlea, layout_vaults_ring,
          serial_shops, nicolae_shop_just_a_little_nook
Vaults:5: uniq_xtahua
Depths:1: layout_cave_pools, kennysheep_doodads, abyss_entry_flame_altar,
          rand_demon_pan_entry_8, hell_entry, nzn_life_drinkers
Depths:2: kennysheep_green_arena, layout_gridlike, grunt_pan_entry_in_and_out,
          nrook_mini_vaults, grunt_hell_entry_dis_old,
          infiniplex_staircase_spiral_double
Depths:3: minmay_triangles_in_corner, layout_cave_pools,
          nicolae_abyss_entry_one_way_or_another, chequers_jeans,
          hangedman_coc_ice_floe, muffindrake_ghost_three_little_ghosts,
          minmay_misc_feat_enclosed, hangedman_decor_lopped
Depths:4: evilmike_zot_entry_argh, layout_small_grid, enter_ziggurat_c,
          pan_entry, minmay_misc_feat_encased, hell_entry,
          grunt_decor_one_mirror

Skill      XL: |  1  2  3  4  5  6  7  8  9 10 11 12 13 14 15 16 17 18 19 20 21 22 23 24 |
---------------+-------------------------------------------------------------------------+-----
Invocations    | 1 2 3 4 5 6 7 8 9 10 11 12 13 14 15 16 17 | 17.8
Short Blades   | 1 2 3 5 6 8 9 10 11 12 13 14 15 16 | 16.4
Long Blades    | 1 2 3 5 6 8 9 10 11 12 13 14 15 16 | 16.4
Axes           | 1 2 3 5 6 8 9 10 11 12 13 14 15 16 | 16.4
Maces & Flails | 1 2 3 5 6 8 9 10 11 12 13 14 15 16 | 16.4
Polearms       | 1 2 3 5 6 8 9 10 11 12 13 14 15 17 18 | 18.4
Ranged Weapons | 1 2 3 5 6 8 9 10 11 12 13 14 15 16 | 16.4
Armour         | 1 2 3 5 6 8 9 10 11 12 13 14 15 16 | 16.4
Stealth        | 1 2 3 5 6 8 9 10 11 12 13 14 15 16 | 16.4
Shields        | 1 2 3 5 6 8 9 10 11 12 13 14 15 16 | 16.4
Unarmed Combat | 1 2 3 5 6 8 9 10 11 12 13 14 15 16 | 16.4
Spellcasting   | 1 2 3 5 6 8 9 10 11 12 13 14 15 16 | 16.4
Evocations     | 1 2 3 5 6 8 9 10 11 12 13 14 15 16 | 16.4
Shapeshifting  | 1 2 3 4 5 6 7 8 9 10 11 12 13 14 15 | 15.1
Conjurations   | 1 2 3 4 5 6 7 8 9 10 11 12 13 14 | 14.0
Hexes          | 1 2 3 4 5 6 7 8 9 10 11 12 13 14 | 14.0
Summonings     | 1 2 3 4 5 6 7 8 9 10 11 12 13 14 | 14.0
Necromancy     | 1 2 3 4 5 6 7 8 9 10 11 12 13 14 | 14.0
Translocations | 1 2 3 4 5 6 7 8 9 10 11 12 13 14 | 14.0
Transmutations | 1 2 3 4 5 6 7 8 9 10 11 12 13 14 | 14.0
Fire Magic     | 1 2 3 4 5 6 7 8 9 10 11 12 13 14 | 14.0
Ice Magic      | 1 2 3 4 5 6 7 8 9 10 11 12 13 14 | 14.0
Air Magic      | 1 2 3 4 5 6 7 8 9 10 11 12 13 14 | 14.0
Earth Magic    | 1 2 3 4 5 6 7 8 9 10 11 12 13 14 | 14.0
Poison Magic   | 1 2 3 4 5 6 7 8 9 10 11 12 13 14 | 14.0
Fighting       | 5 6 7 8 9 10 11 12 13 14 15 16 17 | 17.0
Throwing       | 5 6 7 8 9 10 11 12 13 14 15 16 17 | 17.0
Staves         | 7 8 9 10 11 12 13 14 15 16 17 | 17.5
Dodging        | 7 8 9 10 11 12 13 14 15 16 17 | 17.5

Action                     |  1- 3 |  4- 6 |  7- 9 | 10-12 | 13-15 | 16-18 | 19-21 | 22-24 || total
---------------------------+-------+-------+-------+-------+-------+-------+-------+-------++-------
  Melee: Quarterstaff      |    67 |   161 |   524 |   829 |   122 |       |       |       ||  1703
         Bite              |     3 |    12 |    54 |   108 |   293 |   289 |   241 |   242 ||  1242
         Halberd           |       |       |       |     2 |       |       |       |       ||     2
         Quick blade       |       |       |       |       |  1669 |  1813 |  1152 |   849 ||  5483
         Punch             |       |       |       |       |     9 |       |       |       ||     9
         Staff             |       |       |       |       |       |       |   137 |     1 ||   138
         Glaive            |       |       |       |       |       |       |       |   291 ||   291
  Throw: Throwing net      |       |     5 |       |       |       |       |       |       ||     5
         Dart              |       |       |    18 |    89 |       |       |       |       ||   107
         Stone             |       |       |       |     6 |       |       |       |       ||     6
         Boomerang         |       |       |       |    11 |     6 |    38 |    11 |     8 ||    74
         Javelin           |       |       |       |       |       |     4 |       |       ||     4
   Cast: Mephitic Cloud    |       |       |       |    15 |     1 |     2 |       |       ||    18
         Poisonous Vapours |       |       |       |    16 |    13 |       |       |       ||    29
         Summon Small Mamm |       |       |       |     6 |     4 |       |       |       ||    10
         Vampiric Draining |       |       |       |     4 |    21 |       |     1 |       ||    26
         Ensorcelled Hiber |       |       |       |       |   244 |   361 |   303 |   134 ||  1042
         Confusing Touch   |       |       |       |       |    60 |    54 |    25 |    57 ||   196
         Freezing Cloud    |       |       |       |       |     6 |    25 |     4 |     7 ||    42
         Tukima's Dance    |       |       |       |       |     1 |    12 |       |     3 ||    16
         Dispel Undead     |       |       |       |       |       |     7 |       |    10 ||    17
         Apportation       |       |       |       |       |       |     5 |     1 |     5 ||    11
         Swiftness         |       |       |       |       |       |     1 |       |     1 ||     2
         Borgnjor's Vile C |       |       |       |       |       |       |    27 |    11 ||    38
         Summon Mana Viper |       |       |       |       |       |       |    24 |     6 ||    30
         Irradiate         |       |       |       |       |       |       |     5 |     9 ||    14
         Conjure Ball Ligh |       |       |       |       |       |       |       |    27 ||    27
 Invoke: Potion Petition   |       |       |       |     1 |     1 |     3 |     2 |     2 ||     9
         Call Merchant     |       |       |       |       |       |       |     1 |       ||     1
Ability: Evoke the Staff o |       |       |       |       |       |       |    22 |     2 ||    24
  Evoke: Wand              |       |       |     3 |    11 |     1 |     6 |     3 |     1 ||    25
         Box of beasts     |       |       |       |       |       |     2 |     1 |       ||     3
         Condenser vane    |       |       |       |       |       |       |     1 |       ||     1
         Lightning rod     |       |       |       |       |       |       |       |     2 ||     2
         Phantom mirror    |       |       |       |       |       |       |       |     1 ||     1
    Use: Scroll            |       |     8 |     4 |    23 |    15 |     4 |    11 |    11 ||    76
         Potion            |       |       |       |     7 |     1 |     2 |     2 |     3 ||    15
   Stab: Sleeping          |     2 |       |       |     1 |   183 |   294 |   249 |   103 ||   832
         Held in net/web   |       |     1 |       |       |       |       |       |       ||     1
         Distracted        |       |       |     1 |     1 |     8 |     2 |     4 |     9 ||    25
         Confused          |       |       |       |     8 |   108 |    98 |    52 |   134 ||   400
         Invisible         |       |       |       |       |       |     3 |       |     1 ||     4
 Armour: Leather armour    |    24 |       |       |       |       |       |       |       ||    24
         Scale mail        |     8 |    81 |   336 |   387 |       |       |       |       ||   812
         Ring mail         |       |       |       |   186 |   696 |  1061 |   471 |       ||  2414
         Chain mail        |       |       |       |       |       |       |   244 |   728 ||   972
  Dodge: Dodged            |    29 |    87 |   331 |   517 |   687 |   675 |   406 |   336 ||  3068

Table legend: (Time is in decaauts)
 A = Elapsed time spent in this place.
 B = Non-inter-level travel time spent in this place.
 C = Inter-level travel time spent in this place.
 D = Time resting spent in this place.
 E = Time spent auto-exploring this place.
 F = Levels seen in this place.
 G = Mean time per level.
                   A        B        C        D        E       F      G
               +--------+--------+--------+--------+--------+-----+--------+
         Total |  59290 |  54693 |   4597 |  12876 |  23598 |  46 | 1288.9 |
       Dungeon |  18726 |  16489 |   2237 |   2865 |   8866 |  15 | 1248.4 |
          Lair |   7687 |   7007 |    680 |   1923 |   2894 |   5 | 1537.4 |
         Swamp |   5367 |   5178 |    189 |   1299 |   1779 |   4 | 1341.8 |
     Snake Pit |   5184 |   4876 |    308 |   1209 |   1939 |   4 | 1296.0 |
  Orcish Mines |   3011 |   2840 |    171 |    734 |    994 |   2 | 1505.5 |
   Elven Halls |   4229 |   4092 |    137 |   1127 |   1635 |   3 | 1409.7 |
        Vaults |   7373 |   6727 |    646 |   1324 |   3289 |   5 | 1474.6 |
        Depths |   6283 |   6058 |    225 |   1908 |   2055 |   4 | 1570.8 |
       Ossuary |    489 |    489 |      0 |    187 |     10 |   1 |  489.0 |
        Bailey |    367 |    367 |      0 |    105 |      0 |   1 |  367.0 |
      Ice Cave |    411 |    411 |      0 |    194 |      0 |   1 |  411.0 |
      Gauntlet |    159 |    159 |      0 |      0 |    135 |   1 |  159.0 |
               +--------+--------+--------+--------+--------+-----+--------+

Top non-repeatable levels by time:
Depths:2: 2720 daAuts
     D:5: 2143 daAuts
  Lair:5: 2030 daAuts
   Elf:3: 2028 daAuts
 Swamp:4: 1913 daAuts
  Lair:1: 1829 daAuts
    D:11: 1821 daAuts
   Orc:1: 1794 daAuts
    D:13: 1782 daAuts
  Lair:2: 1765 daAuts
     D:9: 1735 daAuts
 Snake:3: 1733 daAuts
 Snake:4: 1721 daAuts
Vaults:1: 1689 daAuts
Vaults:3: 1658 daAuts
